cohdb
Replays
Latest Replays
All Replays
Popular Replays
Top Player Replays
Match Explorer
How It Works
Community
CoH3 Stats
Reddit
Sign in to upload your games and track your stats! →
Sign in with Steam
Match 41473740
Unlisted
Match 41473740
Overview
Messages
Build Orders
End
Kradschützen Motorcycle Team
Panzergrenadier Squad
Panzergrenadier Squad
Construct Light Support Kompanie
MG34 Team
Selects Panzerjäger Kommand Battlegroup
Selects Mine Fields
Assault Grenadier Squad
Fire Support Elements
Selects Defensive Positions
2.5-tonne Medical Truck
Assault Mechanized Group
Panzerjäger Squad
Selects Tank Busters
Panzerjäger Squad
Construct Panzerarmee Kommand
Panzer III L Medium Tank
Panzer III L Medium Tank
Emergency Repair Kits
Panzer III L Medium Tank
Tungsten Core Ammunition
Vehicle Survival Package
Selects Butterfly Bomb Drop
Selects Crew Shock Tactics
Selects Anti-tank Overwatch
Anti-tank Overwatch
Insomniac
cћk247
BarraCuda
Numenour
0
0
Comments
sign in to comment!
No comments posted yet!